 Dungeon Crawl Stone Soup version 0.27-a0-984-g00e00afbbc (webtiles) character file.

Game seed: 6259594704025957140

49 Froggeryz the Shield-Bearer (level 4, 0/35 HPs)
             Began as a Formicid Fighter on Apr 15, 2021.
             Slain by an ogre
             ... wielding a +0 giant spiked club
              (10 damage)
             ... on level 3 of the Dungeon.
             The game lasted 00:01:07 (2340 turns).

Froggeryz the Shield-Bearer (Formicid Fighter)      Turns: 2340, Time: 00:01:07

Health: 0/35       AC:  6    Str: 22    XL:     4   Next: 2%
Magic:  4/4        EV:  8    Int:  7    God:
Gold:   78         SH:  9    Dex: 10    Spells: 3/3 levels left

rFire    . . .     SeeInvis +   a - +0 war axe
rCold    . . .     Faith    .   c - +0 kite shield
rNeg     . . .     Spirit   .   b - +0 scale mail
rPois    .         Reflect  .   (helmet unavailable)
rElec    .         Harm     .   (no cloak)
rCorr    .         Rampage  .   (no gloves)
Will     .....                  (no boots)
Stlth    ..........             (no amulet)
HPRegen  0.11/turn              (no ring)
MPRegen  0.09/turn              (no ring)

@: mighty
A: permanent stasis, dig shafts and tunnels, antennae 3, four strong arms
a: Dig, Shaft Self


You were on level 3 of the Dungeon.
You visited 1 branch of the dungeon, and saw 3 of its levels.

You collected 78 gold pieces.

Inventory:

Hand Weapons
 a - a +0 war axe (weapon)
Armour
 b - a +0 scale mail (worn)
 c - a +0 kite shield (worn)
Jewellery
 m - a ring of protection from fire
 q - a +6 ring of dexterity
Scrolls
 f - a scroll of blinking {unknown}
 g - a scroll of brand weapon {unknown}
 i - a scroll of enchant weapon {unknown}
 j - a scroll of fear {unknown}
 n - a scroll of teleportation {unknown}
 p - a scroll of identify {unknown}
Potions
 e - 2 potions of berserk rage {unknown}
 h - a potion of haste {unknown}
 k - a potion of lignification {unknown}
 l - a potion of flight {unknown}
 o - a potion of curing {unknown}


   Skills:
 - Level 3.2 Fighting
 * Level 3.4 Axes
 - Level 3.2 Armour
 + Level 4.3 Shields


You had 3 spell levels left.
You didn't know any spells.
Your spell library was empty.

Dungeon Overview and Level Annotations

Branches:
Dungeon (3/15)

Altars:

Annotations:
D:3 Grinder


Innate Abilities, Weirdness & Mutations

You cannot be hasted, slowed, berserked, paralysed or teleported.
You can dig through walls and to a lower floor.
You have a pair of large antennae on your head. (SInv)
Your four strong arms can wield two-handed weapons with a shield.


Message History

You hit the giant cockroach.
The giant cockroach is heavily wounded.
You block the giant cockroach's attack. The giant cockroach bites you.
You slash the giant cockroach!
You kill the giant cockroach!
No target in view!
No target in view!
No target in view!
No target in view!
No target in view!
You sense a monster nearby.
HP restored.
Things that are here:
a +0 dagger; 3 stones; a giant cockroach corpse An orc comes into view.
It is wielding a +0 club.
Found a bubbling emerald potion.
The orc shouts!
You hear a shout!
An orc is nearby!
An ogre comes into view. It is wielding a +0 giant spiked club.
You barely miss the orc. The orc completely misses you.
You hit the orc.
The orc is heavily wounded.
You block the orc's attack. x2
Your scale mail prevents you from hitting the orc.
The orc is heavily wounded.
A kobold comes into view. It is wielding a +0 dagger.
You block the orc's attack.
You slash the orc!
You kill the orc!
Grinder comes into view.
She is carrying a wand of polymorph (7).
You have reached level 4!
You feel stronger.
You feel very mighty all of a sudden.
The ogre hits you with a +0 giant spiked club!!
Ouch! That really hurt!
* * * LOW HITPOINT WARNING * * *
You slash the ogre!
The ogre is severely wounded.
The ogre hits you with a +0 giant spiked club!
You die...

#. .. #. .# #.. .#
##..##.# #......
.##.#.#.####
........)<.#
.##.#.#.##.######.
#.#.#.#.#@.......
........O########
#.##+##K## #. #..#
# +K## #..#
###.##+##.## #
#..........# .#
.#.#.#.#.## .#


You could see an ogre and a kobold.

Vanquished Creatures
  An adder (D:2)
  An orc (D:3)
  3 bats
  2 endoplasms
  2 giant cockroaches
  4 goblins
  A hobgoblin (D:1)
  12 kobolds
  2 quokkas (D:2)
  3 ball pythons
  3 frilled lizards (D:1)
  2 rats (D:1)
36 creatures vanquished.

Vanquished Creatures (others)
  6 plants
6 creatures vanquished.

Grand Total: 42 creatures vanquished

Notes
Turn   | Place    | Note
-------+----------+-------------------------------------------
     0 | D:1      | Froggeryz the Formicid Fighter began the quest for the Orb.
     0 | D:1      | Reached XP level 1. HP: 18/18 MP: 1/1
   202 | D:1      | Reached XP level 2. HP: 17/24 MP: 2/2
   471 | D:1      | Reached skill level 4 in Shields
   671 | D:1      | Reached XP level 3. HP: 29/29 MP: 3/3
  2318 | D:3      | Noticed an ogre
  2322 | D:3      | Noticed Grinder
  2323 | D:3      | Reached XP level 4. HP: 35/35 MP: 4/4
  2340 | D:3      | Slain by an ogre

Illustrated notes

Levels and vault maps discovered:
D:1:      minmay_arrival_loop, layout_basic, corner_web_ring,
          hangedman_decor_riveting, hangedman_feature_mirror,
          lexackson_kobold_supper
D:2:      layout_loops_corners, serial_forest, infiniplex_forest_straight_1,
          infiniplex_forest_clump_medium, infiniplex_forest_corner_1,
          infiniplex_forest_end_3
D:3:      layout_loops_ring, hellmonk_ecumenical_altar_heavens_door,
          minmay_misc_feat_doors, uniq_grinder, uniq_robin

Skill      XL: |  1  2  3 |
---------------+----------+-----
Shields        | 4 |  4.3
Axes           | 3 |  3.4
Fighting       | |  3.2
Armour         | |  3.2

Action                   |  1- 3 |  4- 6 || total
-------------------------+-------+-------++-------
Melee: War axe           |   115 |     1 ||   116
  Use: Potion            |       |     1 ||     1
Armor: Scale mail        |    36 |       ||    36
Dodge: Dodged            |    43 |       ||    43
Block: Kite shield       |    69 |       ||    69

Table legend: (Time is in decaauts)
 A = Elapsed time spent in this place.
 B = Non-inter-level travel time spent in this place.
 C = Inter-level travel time spent in this place.
 D = Time resting spent in this place.
 E = Time spent auto-exploring this place.
 F = Levels seen in this place.
 G = Mean time per level.
                   A        B        C        D        E       F      G
               +--------+--------+--------+--------+--------+-----+--------+
         Total |   2400 |   2317 |     83 |      0 |   2016 |   3 |  800.0 |
       Dungeon |   2400 |   2317 |     83 |      0 |   2016 |   3 |  800.0 |
               +--------+--------+--------+--------+--------+-----+--------+

Top non-repeatable levels by time:
     D:1: 1165 daAuts
     D:2: 1145 daAuts
     D:3: 89 daAuts
